 Dungeon Crawl Stone Soup version 0.28-a0-1524-ge72afd5fc6 (webtiles) character file.

Game seed: 13577033437218691597

13 psuckher the Sneak (level 2, -5/24 (25) HPs)
             Began as a Barachi Delver on Jan 17, 2022.
             Was an Initiate of Qazlal.
             Slain by a necrophage (7 damage)
             ... on level 5 of the Dungeon.
             The game lasted 00:02:34 (393 turns).

psuckher the Sneak (Barachi Delver)                  Turns: 393, Time: 00:02:34

HP:   -5/24 (25)    AC:  3    Str: 13    XL:     2   Next: 37%
MP:   2/2           EV: 12    Int: 10    God:    Qazlal [......]
Gold: 37            SH:  0    Dex: 13    Spells: 1/1 levels left

rFire   . . .      SeeInvis .   a - +0 falchion
rCold   . . .      Faith    .   (no shield)
rNeg    . . .      Spirit   .   b - +0 leather armour
rPois   .          Reflect  .   (no helmet)
rElec   .          Harm     .   (no cloak)
rCorr   .          Rampage  .   (no gloves)
Will    .....                   (no boots)
Stlth   +++.......              (no amulet)
HPRegen 0.08/turn               (no ring)
MPRegen 0.08/turn               (no ring)

@: lightly drained, slow
A: amphibious, slowness 1, strong legs 1, +LOS
a: Hop, Renounce Religion


You were on level 5 of the Dungeon.
You worshipped Qazlal.
Qazlal was noncommittal.
You visited 1 branch of the dungeon, and saw 1 of its levels.

You collected 37 gold pieces.

Inventory:

Hand Weapons
 a - a +0 falchion (weapon)
Armour
 b - a +0 leather armour (worn)
Wands
 g - a wand of digging (3)
Scrolls
 c - a scroll of fog
 d - a scroll of magic mapping
 e - a scroll of fear
 h - a scroll of holy word {unknown}
 i - a scroll of amnesia {unknown}
 k - a scroll of teleportation {unknown}
Potions
 f - a potion of haste
 j - a potion of berserk rage {unknown}


   Skills:
 + Level 3.7 Fighting
 + Level 2.6 Long Blades
 + Level 0.1 Armour
 + Level 2.2 Dodging
 + Level 4.9 Stealth


You had one spell level left.
You didn't know any spells.
Your spell library was empty.

Dungeon Overview and Level Annotations

Branches:
Dungeon (5/15)
 Temple: D:4-7

Altars:
Nemelex Xobeh
Qazlal


Innate Abilities, Weirdness & Mutations

You are amphibious.
You cover ground slowly.
You can hop short distances.
You have an extended range of vision and can be seen from far away.


Message History

The adder is moderately wounded.
The adder bites you.
You are poisoned.
The adder poisons you! The adder bites you.
You barely miss the adder.
The adder is moderately wounded.
You feel sick. The adder bites you.
You are more poisoned.
The adder poisons you! The adder bites you but does no damage.
You completely miss the adder.
The adder is moderately wounded.
You feel sick. The adder misses you.
Okay, then.
You hit the adder.
The adder is heavily wounded.
You feel sick. The adder closely misses you.
The adder bites you but does no damage.
You barely miss the adder.
The adder is heavily wounded.
You feel sick. The adder closely misses you.
You hit the adder.
The adder is almost dead.
You feel sick. The adder bites you but does no damage. The adder bites you.
You hit the adder.
You kill the adder!
Qazlal accepts your kill.
You feel sick.
You are no longer poisoned.
You have reached level 2!
You closely miss the necrophage. The necrophage misses you.
You hit the necrophage.
The necrophage is lightly damaged.
The necrophage closely misses you. The necrophage hits you.
* * * LOW HITPOINT WARNING * * *
You feel drained.
* * * LOW HITPOINT WARNING * * *
You hit the necrophage.
The necrophage is moderately damaged.
The necrophage hits you!
You die...

..#
#####.###.#.######
.. #.# #.........
.. ###.#
###.####.# .#
#...# #.# #.#. #.#
#)#.# #.......
#.#.S# #.#.#
####.### ♣.#..
#.#.# #.
#...######.#.# #.
#......n@....# #
#.#############


You could see a necrophage.

Vanquished Creatures
  An adder (D:5)
  2 orcs (D:5)
3 creatures vanquished.

Notes
Turn   | Place    | Note
-------+----------+-------------------------------------------
     0 | D:5      | psuckher the Barachi Delver began the quest for the Orb.
     0 | D:5      | Reached XP level 1. HP: 18/18 MP: 1/1
     4 | D:5      | Found a stormy altar of Qazlal.
    26 | D:5      | Became a worshipper of Qazlal Stormbringer
    67 | D:5      | Noticed an iguana
   341 | D:5      | Found a sparkling altar of Nemelex Xobeh.
   376 | D:5      | Noticed a necrophage
   391 | D:5      | Reached XP level 2. HP: 7/25 MP: 2/2
   393 | D:5      | Slain by a necrophage

Illustrated notes

Levels and vault maps discovered:
D:5:      layout_loops_ring, grunt_qazlal_clouds, kennysheep_mini,
          dk_noncrumbling_4, st_stairs_3, hangedman_glass_teeth,
          grunt_decor_mini_mirrors

Action                   || total
-------------------------++-------
Melee: Falchion          ||    17
 Stab: Sleeping          ||     1
Armor: Leather armour    ||     4
Dodge: Dodged            ||     7

Table legend: (Time is in decaauts)
 A = Elapsed time spent in this place.
 B = Non-inter-level travel time spent in this place.
 C = Inter-level travel time spent in this place.
 D = Time resting spent in this place.
 E = Time spent auto-exploring this place.
 F = Levels seen in this place.
 G = Mean time per level.
                   A        B        C        D        E       F      G
               +--------+--------+--------+--------+--------+-----+--------+
         Total |    469 |    381 |     88 |      0 |      0 |   1 |  469.0 |
       Dungeon |    469 |    381 |     88 |      0 |      0 |   1 |  469.0 |
               +--------+--------+--------+--------+--------+-----+--------+

Top non-repeatable levels by time:
     D:5: 469 daAuts
